 Dungeon Crawl Stone Soup version 0.28-a0-1555-g9ae15a6949 (webtiles) character file.

Game seed: 17877138800527629798

53 Gildeon the Conjurer (level 3, -3/19 HPs)
             Began as a Deep Elf Conjurer on Jan 17, 2022.
             Slain by Natasha (8 damage)
             ... on level 2 of the Dungeon on Jan 18, 2022.
             The game lasted 00:04:21 (1090 turns).

Gildeon the Conjurer (Deep Elf Conjurer)            Turns: 1090, Time: 00:04:22

Health: -3/19      AC:  2    Str:  4    XL:     3   Next: 62%
Magic:  3/9        EV: 13    Int: 24    God:
Gold:   66         SH:  0    Dex: 13    Spells: 2/8 levels left

rFire   . . .      SeeInvis .   c - +0 dagger
rCold   . . .      Faith    .   (no shield)
rNeg    . . .      Spirit   .   a - +0 robe
rPois   .          Reflect  .   (no helmet)
rElec   .          Harm     .   (no cloak)
rCorr   .          Rampage  .   (no gloves)
Will    .....                   (no boots)
Stlth   ++........              (no amulet)
HPRegen 0.06/turn               (no ring)
MPRegen 0.11/turn               (no ring)

@: no status effects
A: no striking features
a: no special abilities


You were on level 2 of the Dungeon.
You visited 1 branch of the dungeon, and saw 2 of its levels.

You collected 66 gold pieces.

Inventory:

Hand Weapons
 c - a +0 dagger (weapon)
Armour
 a - a +0 robe (worn)
Scrolls
 b - a scroll of identify {unknown}
 d - 2 scrolls of teleportation {unknown}
 f - a scroll of vulnerability {unknown}
Potions
 e - a potion of mutation {unknown}


   Skills:
 + Level 3.4 Dodging
 + Level 3.6 Stealth
 - Level 3.0 Spellcasting
 + Level 4.9 Conjurations


You had 2 spell levels left.
You knew the following spells:

 Your Spells              Type           Power      Damage    Failure   Level
a - Magic Dart            Conj           100%       1d8       1%          1
b - Searing Ray           Conj           54%        2d6       2%          2
c - Dazzling Flash        Conj/Hex       30%        N/A       12%         3

Your spell library contained the following spells:

 Spells                   Type           Power      Damage    Failure   Level
 Fulminant Prism          Conj/Hex       7%         3d7       36%         4
 Iskenderun's Mystic Bla  Conj/Tloc      15%        2d5       36%         4


Dungeon Overview and Level Annotations

Branches:
Dungeon (2/15)

Altars:

Shops:
D:2 =

Annotations:
D:2 Natasha


Message History

Found an amethyst potion.
Natasha hisses angrily.
Casting: Magic Dart (safe; 1% risk of failure)
Confirm with . or Enter, or press ? or * to list all spells.
You don't know that spell.
Casting: Magic Dart (safe; 1% risk of failure)
Confirm with . or Enter, or press ? or * to list all spells.
Aiming: Searing Ray (safe; 2% risk of failure)
Press: ? - help, Shift-Dir - straight line, f - Natasha
Aim: Natasha (74% to hit)
The searing ray hits Natasha.
Natasha is moderately wounded. (Press . to maintain the ray.)
The searing ray misses Natasha.
Natasha claws you.
The searing ray misses Natasha.
Natasha claws you.
The searing ray hits Natasha.
Natasha is moderately wounded.
You finish channelling your searing ray.
Natasha claws you but does no damage.
Natasha mumbles some strange words.
Natasha glows brightly for a moment.
Natasha stares at you and mumbles some strange words.
The magic dart hits you.
* * * LOW HITPOINT WARNING * * *
Okay, then.
Casting: Searing Ray (safe; 2% risk of failure)
Confirm with . or Enter, or press ? or * to list all spells.
The spell is extremely dangerous to miscast (12% risk of failure)!
Continue anyway?
Okay, then.
Casting: Dazzling Flash (extremely dangerous; 12% risk of failure)
Confirm with . or Enter, or press ? or * to list all spells.
Aiming: Searing Ray (safe; 2% risk of failure)
Press: ? - help, Shift-Dir - straight line, f/p - Natasha
Aim: Natasha (moderately wounded, 74% to hit)
The searing ray misses Natasha. (Press . to maintain the ray.) Natasha mumbles some strange words.
You feel disoriented. Natasha claws you!
You die...

#.......#
###.......######
................
..#####.......######
......'.............
#####.......######
#.....#######
#.###.# ####!#@# #.#
#....#h# #.#
#.####.# #.#
#......# #..
######## ###


You could see Natasha.

Vanquished Creatures
  Natasha (D:2)
  2 ball pythons
  4 bats
  6 endoplasms (D:1)
  A giant cockroach (D:1)
  3 goblins
  A hobgoblin (D:1)
  3 kobolds
  4 rats
25 creatures vanquished.

Notes
Turn   | Place    | Note
-------+----------+-------------------------------------------
     0 | D:1      | Gildeon the Deep Elf Conjurer began the quest for the Orb.
     0 | D:1      | Reached XP level 1. HP: 10/10 MP: 6/6
   196 | D:1      | Reached XP level 2. HP: 15/15 MP: 4/8
   199 | D:1      | Learned a level 2 spell: Searing Ray
   364 | D:1      | Upgraded the game from 0.28-a0-1520-gc3277d3759 to
                  | 0.28-a0-1555-g9ae15a6949
   836 | D:2      | Found Nanu's Jewellery Shop.
   916 | D:2      | Noticed Natasha
   919 | D:2      | Killed Natasha
   920 | D:2      | Reached XP level 3. HP: 19/19 MP: 4/9
   924 | D:2      | Learned a level 3 spell: Dazzling Flash
  1078 | D:2      | Noticed Natasha
  1090 | D:2      | Slain by Natasha

Illustrated notes

Levels and vault maps discovered:
D:1:      giann_horns, layout_rooms, chequers_serial_rivers_micro_b
D:2:      layout_basic, serial_shops, shop, uniq_natasha

Skill      XL: |  1  2 |
---------------+-------+-----
Stealth        | 3 |  3.6
Dodging        | 3 |  3.4
Spellcasting   | |  3.0
Conjurations   | |  4.9

Action                   || total
-------------------------++-------
 Cast: Magic Dart        ||    44
       Searing Ray       ||     3
Armor: Robe              ||     1
Dodge: Dodged            ||     1

Table legend: (Time is in decaauts)
 A = Elapsed time spent in this place.
 B = Non-inter-level travel time spent in this place.
 C = Inter-level travel time spent in this place.
 D = Time resting spent in this place.
 E = Time spent auto-exploring this place.
 F = Levels seen in this place.
 G = Mean time per level.
                   A        B        C        D        E       F      G
               +--------+--------+--------+--------+--------+-----+--------+
         Total |   1088 |   1059 |     29 |     43 |    884 |   2 |  544.0 |
       Dungeon |   1088 |   1059 |     29 |     43 |    884 |   2 |  544.0 |
               +--------+--------+--------+--------+--------+-----+--------+

Top non-repeatable levels by time:
     D:1: 697 daAuts
     D:2: 391 daAuts
